 Dungeon Sprint DCSS version 0.26-a0-663-g36e8fdb655 (webtiles) character file.

Game seed: 11783645489021242307

2709 olmar the Cleaver (level 9, 0/82 HPs)
             Began as a Deep Dwarf Fighter on Oct 10, 2020.
             Was an Initiate of Gozag.
             Succumbed to a death drake's dark miasma
             ... in the Dungeon (Sprint II: "The Violet Keep of Menkaure").
             The game lasted 00:05:36 (717 turns).

olmar the Cleaver (Deep Dwarf Fighter)               Turns: 717, Time: 00:05:37

Health: 0/82       AC: 11    Str: 21 (22) XL:     9   Next: 39%
Magic:  6/6        EV: 13    Int: 10      God:    Gozag
Gold:   438        SH: 13    Dex: 14 (15) Spells: 8/8 levels left

rFire    . . .     SeeInvis .   a - +0 war axe
rCold    . . .     Faith    .   c - +0 kite shield
rNeg     + . .     Spirit   .   b - +0 scale mail
rPois    .         Reflect  .   n - +1 helmet of Viojus {Dex+3}
rElec    .         Harm     .   (no cloak)
rCorr    .         Rampage  .   (no gloves)
MR       ++++.     Clarity  +   o - +2 pair of boots Stlth +.........NoTele +
                                l - amulet of the Four Winds {rN+ MR+++ Clar}
HPRegen  0.00/turn              (no ring)
MPRegen  0.10/turn              (no ring)

@: lethally poisoned (0 -> -33), gold aura, non-regenerating, badly diseased,
slowed, very slow
A: damage resistance, heal wounds, deformed body, deterioration 1, frail 1,
sense surroundings 2, screaming 1, subdued magic 1, no regeneration
a: Heal Wounds, Potion Petition, Call Merchant, Bribe Branch, Renounce Religion


You were in the Dungeon.
You worshipped Gozag.
Gozag was aware of your devotion.
You visited 1 branch You collected 2268 gold pieces.
You spent 1830 gold pieces at shops.

Inventory:

Hand Weapons
 a - a +0 war axe (weapon)
Armour
 b - a +0 scale mail (worn)
 c - a +0 kite shield (worn)
 n - the +1 helmet of Viojus (worn) {Dex+3}
   (You bought it in a shop in the Dungeon)

   It affects your dexterity (+3).
 o - a +2 pair of boots (worn)
Jewellery
 l - the amulet of the Four Winds (around neck) {rN+ MR+++ Clar}
   (You bought it in a shop in the Dungeon)

   [amulet of nothing]

   It protects you from negative energy.
   It affects your resistance to hostile enchantments.
   It protects you against confusion.
Wands
 m - a wand of polymorph (1)
Scrolls
 d - a scroll of fog
 e - a scroll of remove curse
 f - a scroll of identify
 i - a scroll of magic mapping
 j - a scroll of blinking
 k - a scroll of silence
Potions
 g - a potion of ambrosia
 h - 2 potions of magic
 s - a potion of flight
 t - a potion of mutation


   Skills:
 + Level 9.4 Fighting
 + Level 13.5 Axes
 + Level 10.0 Armour
 + Level 6.2 Dodging
 + Level 3.1 Stealth
 + Level 11.6 Shields
 + Level 3.0 Evocations


You had 8 spell levels left.
You didn't know any spells.
Your spell library was empty.

Dungeon Overview and Level Annotations

Branches:
Dungeon (1/1)

Altars:
Cheibriados
Dithmenos
Elyvilon
Fedhas
Gozag
Hepliaklqana
Kikubaaqudgha
Makhleb
Nemelex Xobeh
Okawaru
Qazlal
Ru
Sif Muna
Trog
Uskayaw
Vehumet
Wu Jian
Xom
Yredelemnul
Zin
The Shining One
Beogh
Jiyva
Lugonu

Shops:
D }[:=([=!?=[!=::

Annotations:
D exclusions: ice statue and oklob plant


Innate Abilities, Weirdness & Mutations

You are resistant to damage.
You can heal yourself by infusing magical energy.
You passively map the area around you.
You do not regenerate.
Armour fits poorly on your strangely shaped body.
Your body sometimes deteriorates upon taking damage.
You are frail. (-10% HP)
You occasionally shout uncontrollably at your foes.
Your spells are a little easier to cast, but a little less powerful.


Message History

You enter the shallow water.
Moving in this stuff is going to be slow.
Your resistance to elements expires.
You feel very sick.
A death drake comes into view.
The death drake hisses angrily.
The death drake breathes miasma at you. The foul vapour engulfs you!
You are more poisoned.
You feel as though you will be slow longer.
* * * LOW HITPOINT WARNING * * *
There is an open door here.
You are engulfed in dark miasma.
You are lethally poisoned!
* * * LOW HITPOINT WARNING * * *
x2 You feel extremely sick.
Okay, then.
You close the door.
You die...
Your body crumbles into a pile of gold.

#..# ...#$ ^^.####▓?!(((?! $
.#####..##**#^.##.#▓!$!!)(), *,$,
'# #.##..# +..#..#▓)?$(??)$
.####.#..#$ #.°#..#▓)$((!$?$ ,
<.'.##'..####..##)#▓?)[$))),
.##...#....###k○.##▓▓▓▓▓▓▓+ *
'###.##......≈≈≈≈≈≈≈≈≈≈≈≈≈. *
#.####≈§§....≈#+########+##*, *
#..#≈≈≈≈§≈≈§.≈#.@..._..#S≈§
..##§≈≈≈§≈§§.≈#...._._.#S≈§
○##≈≈≈≈≈≈≈≈≈≈≈#..._._._#≈§§≈≈**$$
≈≈≈≈≈≈≈§≈≈≈≈≈≈#.._._._.#§§§ *$
#+++#§≈≈§§≈§§≈#._._._._#§§§ $$
≈°≈≈##≈§§###§§#_._._._.#§§§ ≈*$
°°§≈≈##§§#,#§§#._._._._# $$
≈≈≈○○≈+≈≈#+#§≈#_._._...# ≈ *
≈°≈°○##≈≈≈§§§≈#########* * ,


You could see a death drake (catching breath).

Vanquished Creatures
  2 death drakes (D)
  3 polar bears (D)
  A hornet (D)
  3 neqoxecs (D)
  A water moccasin (D)
  2 swamp drakes (D)
  4 necrophages (D)
  A scorpion (D)
  4 worker ants (D)
  3 worms (D)
24 creatures vanquished.

Vanquished Creatures (others)
  A neqoxec (D)
  Menkaure (D)
  A water moccasin (D)
3 creatures vanquished.

Grand Total: 27 creatures vanquished

Notes
Turn   | Place    | Note
-------+----------+-------------------------------------------
     0 | D        | olmar the Deep Dwarf Fighter began the quest for the Orb.
     0 | D        | Reached XP level 1. HP: 20/20 MP: 1/1
     1 | D        | Noticed a neqoxec
     4 | D        | Killed a water moccasin
    12 | D        | Killed a neqoxec
    12 | D        | Reached skill level 5 in Fighting
    12 | D        | Reached skill level 4 in Axes
    12 | D        | Reached XP level 2. HP: 32/32 MP: 2/2
    12 | D        | Reached XP level 3. HP: 39/39 MP: 3/3
    12 | D        | Reached XP level 4. HP: 46/46 MP: 4/4
    27 | D        | Killed Menkaure
    29 | D        | Killed a neqoxec
    50 | D        | Noticed a necrophage
    50 | D        | Noticed a necrophage
    50 | D        | Noticed a necrophage
    50 | D        | Noticed a necrophage
    63 | D        | Killed a necrophage
    63 | D        | Reached skill level 5 in Axes
    63 | D        | Reached skill level 1 in Dodging
    63 | D        | Reached XP level 5. HP: 33/54 MP: 5/5
    74 | D        | Killed a necrophage
    74 | D        | Reached skill level 6 in Axes
    74 | D        | Reached XP level 6. HP: 34/61 MP: 6/6
    83 | D        | Reached skill level 7 in Axes
    90 | D        | Reached skill level 8 in Axes
   124 | D        | Found a blossoming altar of Fedhas.
   125 | D        | Found a white marble altar of Elyvilon.
   125 | D        | Found an opulent altar of Gozag.
   125 | D        | Found a burning altar of Makhleb.
   126 | D        | Found a shadowy altar of Dithmenos.
   126 | D        | Found a corrupted altar of Lugonu.
   127 | D        | Found a snail-covered altar of Cheibriados.
   127 | D        | Found an ancient bone altar of Kikubaaqudgha.
   127 | D        | Found a bloodstained altar of Trog.
   128 | D        | Found a roughly hewn altar of Beogh.
   128 | D        | Found a viscous altar of Jiyva.
   128 | D        | Found a shimmering blue altar of Sif Muna.
   129 | D        | Found a hazy altar of Hepliaklqana.
   129 | D        | Found a sacrificial altar of Ru.
   130 | D        | Found a shimmering altar of Xom.
   131 | D        | Found a stormy altar of Qazlal.
   131 | D        | Found an ornate altar of the Wu Jian Council.
   131 | D        | Found a sparkling altar of Nemelex Xobeh.
   131 | D        | Found a hide-covered altar of Uskayaw.
   131 | D        | Found a basalt altar of Yredelemnul.
   131 | D        | Found a glowing golden altar of the Shining One.
   132 | D        | Found an iron altar of Okawaru.
   132 | D        | Found a radiant altar of Vehumet.
   132 | D        | Found a glowing silver altar of Zin.
   137 | D        | Noticed an ice statue
   138 | D        | Became a worshipper of Gozag Ym Sagoz the Greedy
   163 | D        | Noticed a neqoxec
   167 | D        | Gained mutation: You are frail. (-10% HP) [a neqoxec]
   175 | D        | Killed a neqoxec
   175 | D        | Reached skill level 9 in Axes
   175 | D        | Reached XP level 7. HP: 36/64 MP: 6/6
   192 | D        | Found Bupeitheuk's Magic Scroll Emporium.
   192 | D        | Found Odeiwal's Antique Armour Emporium.
   192 | D        | Found Jeano Bege's Jewellery Emporium.
   192 | D        | Found Meilema's Distillery.
   192 | D        | Found Ritic's Jewellery Shoppe.
   192 | D        | Noticed a neqoxec
   199 | D        | Gained mutation: Armour fits poorly on your strangely
                  | shaped body. [a neqoxec]
   207 | D        | Gained mutation: Your spells are a little easier to cast,
                  | but a little less powerful. [a neqoxec]
   210 | D        | Gained mutation: You occasionally shout uncontrollably at
                  | your foes. [a neqoxec]
   215 | D        | Gained mutation: Your body sometimes deteriorates upon
                  | taking damage. [a neqoxec]
   216 | D        | Killed a neqoxec
   216 | D        | Reached skill level 10 in Axes
   222 | D        | Found Sotega's Jewellery Shoppe.
   222 | D        | Found Nuzxioha's Book Emporium.
   222 | D        | Found Wutaros's Distillery.
   222 | D        | Found Herhonap's Book Shoppe.
   223 | D        | Found Zixea's Armour Shoppe.
   223 | D        | Found Jistab's Antique Weapon Emporium.
   223 | D        | Noticed a yak
   223 | D        | Noticed a wyvern
   224 | D        | Found Rolo Aro's Jewellery Shoppe.
   224 | D        | Noticed a yak
   224 | D        | Noticed a yak
   224 | D        | Noticed an oklob plant
   225 | D        | Found Foskul's Antique Armour Shoppe.
   225 | D        | Found Qaphup's Gadget Emporium.
   225 | D        | Found Lekhlagg's Book Shoppe.
   225 | D        | Noticed a wyvern
   225 | D        | Noticed a wyvern
   250 | D        | Bought a scroll of fog for 26 gold pieces
   250 | D        | Bought a scroll of remove curse for 39 gold pieces
   250 | D        | Bought a scroll of identify for 26 gold pieces
   250 | D        | Bought a scroll of magic mapping for 45 gold pieces
   250 | D        | Bought a scroll of silence for 97 gold pieces
   250 | D        | Noticed a redback
   251 | D        | Bought the amulet of the Four Winds {rN+ MR+++ Clar} for
                  | 526 gold pieces
   251 | D        | Found the amulet of the Four Winds {rN+ MR+++ Clar}
   321 | D        | Reached skill level 11 in Axes
   382 | D        | Bought a distressingly furry helmet for 256 gold pieces
   382 | D        | Bought a pair of runed boots for 202 gold pieces
   387 | D        | Identified the +1 helmet of Viojus {Dex+3} (You bought it
                  | in a shop in the Dungeon)
   398 | D        | Bought a potion of heal wounds for 50 gold pieces
   398 | D        | Bought a potion of resistance for 100 gold pieces
   398 | D        | Bought a potion of lignification for 30 gold pieces
   398 | D        | Bought a potion of flight for 30 gold pieces
   425 | D        | Noticed a polar bear
   425 | D        | Noticed a polar bear
   425 | D        | Noticed a polar bear
   435 | D        | Killed a polar bear
   435 | D        | Reached XP level 8. HP: 73/73 MP: 7/7
   447 | D        | Noticed a yaktaur
   448 | D        | Killed a polar bear
   448 | D        | Reached skill level 1 in Stealth
   448 | D        | Reached skill level 10 in Shields
   454 | D        | Noticed a death drake
   454 | D        | a yaktaur changed into a death drake
   455 | D        | Noticed a hornet
   487 | D        | Killed a death drake
   487 | D        | Reached skill level 12 in Axes
   487 | D        | Reached skill level 5 in Dodging
   487 | D        | Reached skill level 1 in Evocations
   487 | D        | Gained mutation: You passively map the area around you.
                  | [Deep Dwarf growth]
   487 | D        | Reached XP level 9. HP: 60/81 MP: 8/8
   512 | D        | Killed a polar bear
   512 | D        | Reached skill level 13 in Axes
   565 | D        | Bought a potion of ambrosia for 104 gold pieces
   565 | D        | Bought a potion of curing for 39 gold pieces
   565 | D        | Bought a potion of heal wounds for 65 gold pieces
   565 | D        | Bought a potion of heal wounds for 65 gold pieces
   567 | D        | Bought a potion of heal wounds for 50 gold pieces
   567 | D        | Bought a potion of mutation for 80 gold pieces
   601 | D        | Noticed a death drake
   632 | D        | Reached skill level 10 in Armour
   704 | D        | Killed a death drake
   713 | D        | Noticed a death drake
   717 | D        | Succumbed to a death drake's dark miasma

Illustrated notes

Levels and vault maps discovered:
D:        the_violet_keep_of_menkaure [sprint2_stairs_cluster_1,
          sprint2_shoproom, sprint2_temple, sprint2_basic_supplies,
          sprint2_obstacle_5, sprint2_obstacle_2, sprint2_obstacle_7,
          sprint2_obstacle_3, sprint2_obstacle_6, sprint2_timed_cluster_1,
          sprint2_smallroom_cluster_1, sprint2_smallroom_final_cluster_1,
          sprint2_transparent_cluster_1, sprint2_second_timed_cluster_1,
          sprint2_sniper_area_1, sprint2_heavy_combat_area_1,
          sprint2_mutation_trap_area_1, sprint2_forest_area_1,
          sprint2_light_combat_area_1, sprint2_behind_water_1,
          sprint2_near_end_vault_1]

Skill      XL: |  1  2  3  4  5  6  7  8  9 |
---------------+----------------------------+-----
Fighting       | 5 6 7 8 9 |  9.4
Axes           | 4 5 6 9 11 12 13 | 13.5
Armour         | 6 7 8 9 10 | 10.0
Shields        | 6 7 8 9 10 11 | 11.6
Dodging        | 1 2 4 5 6 |  6.2
Stealth        | 2 3 |  3.1
Evocations     | 1 3 |  3.0

Action                   |  1- 3 |  4- 6 |  7- 9 || total
-------------------------+-------+-------+-------++-------
Melee: War axe           |     9 |    53 |   151 ||   213
 Abil: Heal Wounds       |       |     1 |    15 ||    16
Evoke: Wand              |       |       |     5 ||     5
  Use: Potion            |     2 |       |    10 ||    12
 Stab: Distracted        |       |       |     1 ||     1
Armor: Scale mail        |     2 |    11 |    24 ||    37
       Skin              |       |       |    35 ||    35
Dodge: Dodged            |     2 |    14 |    52 ||    68
Block: Kite shield       |     1 |    28 |    99 ||   128

Table legend: (Time is in decaauts)
 A = Elapsed time spent in this place.
 B = Non-inter-level travel time spent in this place.
 C = Inter-level travel time spent in this place.
 D = Time resting spent in this place.
 E = Time spent auto-exploring this place.
 F = Levels seen in this place.
 G = Mean time per level.
                   A        B        C        D        E       F      G
               +--------+--------+--------+--------+--------+-----+--------+
         Total |    797 |    797 |      0 |     87 |      0 |   1 |  797.0 |
       Dungeon |    797 |    797 |      0 |     87 |      0 |   1 |  797.0 |
               +--------+--------+--------+--------+--------+-----+--------+

Top non-repeatable levels by time:
       D: 797 daAuts
